TOP OF THE 1ST |
---|
Vancouver Vipers batting - Pitching for Mile High Broncos : RHP Hokusai Nakashima | Pitching: RHP Hokusai Nakashima | | Batting: LHB Randy Wiggins | 0-0: Ball 1-0: Ball 2-0: Foul Ball, location: 2F 2-1: Foul Ball, location: 2F 2-2: SINGLE (Groundball, 34) (infield hit) | Batting: LHB Brian Ford | 0-0: Called Strike 0-1: SINGLE (Groundball, P) (infield hit) Randy Wiggins to second | Batting: LHB Stan Bates | 0-0: Swinging Strike 0-1: Reached on error, E1 (Groundball, 13) Randy Wiggins to third Brian Ford to second | Batting: RHB Steve Bender | 0-0: Ball 1-0: Ball 2-0: SINGLE (Groundball, 34D) Randy Wiggins scores Brian Ford to third Stan Bates to second Runner from 3rd tries for Home, SAFE, no throw | Batting: RHB Marvin Workman | 0-0: DOUBLE (Line Drive, 7D) Stan Bates scores Steve Bender to third Runner from 3rd tries for Home, SAFE, no throw | Batting: RHB Salvador Medine | 0-0: Foul Ball, location: 2F 0-1: Called Strike 0-2: Strikes out swinging | Batting: RHB Ryan Parrish | 0-0: Called Strike 0-1: Foul Ball, location: 2F 0-2: Strikes out swinging | Batting: RHB Cooper Richard | 0-0: Called Strike 0-1: Swinging Strike 0-2: Ball 1-2: Ball 2-2: Strikes out swinging | Top of the 1st over - 4 runs, 4 hits, 1 error, 1 left on base; Vancouver 4 - Mile High 0 | BOTTOM OF THE 1ST |
---|
Mile High Broncos batting - Pitching for Vancouver Vipers : RHP Diego González | Pitching: RHP Diego González | | Batting: RHB Reynaldo Slomp | 0-0: Foul Ball, location: 2F 0-1: Fly out, F9 (Flyball, 9D) | Batting: LHB Jim Knight | 0-0: Ball 1-0: Called Strike 1-1: Fly out, F6 (Popup, 6D) | Batting: LHB Tony Báez | 0-0: Swinging Strike 0-1: Called Strike 0-2: Ball 1-2: Strikes out swinging | Bottom of the 1st over - 0 runs, 0 hits, 0 errors, 0 left on base; Vancouver 4 - Mile High 0 | TOP OF THE 2ND |
---|
Vancouver Vipers batting - Pitching for Mile High Broncos : RHP Hokusai Nakashima | Batting: RHB Clarence Harrison | 0-0: Ball 1-0: Ball 2-0: Ball 3-0: Foul Ball, location: 2F 3-1: SINGLE (Flyball, 8LS) | Batting: LHB Randy Wiggins | 0-0: Swinging Strike 0-1: Fielders Choice at 2nd, 4-6 (Groundball, 4) | Batting: LHB Brian Ford | 0-0: Ball 1-0: Foul Ball, location: 2F 1-1: Foul Ball, location: 2F 1-2: Fielders Choice at 2nd, 4-6 (Groundball, 4) | Batting: LHB Stan Bates | 0-0: Called Strike 0-1: Called Strike 0-2: Ball 1-2: Strikes out swinging | Top of the 2nd over - 0 runs, 1 hit, 0 errors, 1 left on base; Vancouver 4 - Mile High 0 | BOTTOM OF THE 2ND |
---|
Mile High Broncos batting - Pitching for Vancouver Vipers : RHP Diego González | Batting: RHB António Martínez | 0-0: SINGLE (Line Drive, 34D) | Batting: SHB Michael Field | 0-0: Ball 1-0: Swinging Strike 1-1: Ball 2-1: Ball 3-1: Foul Ball, location: 2F 3-2: SINGLE (Line Drive, 3) António Martínez to second | Batting: RHB Rodney González | 0-0: Ball 1-0: Called Strike 1-1: Ball 2-1: Ball 3-1: SINGLE (Groundball, 6M) (infield hit) António Martínez to third Michael Field to second | Batting: RHB Edward Williams | 0-0: Called Strike 0-1: Ball 1-1: Foul Ball, location: 2F 1-2: Ball 2-2: Foul Ball, location: 2F 2-2: Grounds into double play, 6-4-3 (Groundball, 6) António Martínez scores Michael Field to third | Batting: RHB Luis Ramos | 0-0: Fly out, F3 (Popup, 23F) | Bottom of the 2nd over - 1 run, 3 hits, 0 errors, 1 left on base; Vancouver 4 - Mile High 1 | TOP OF THE 3RD |
---|
Vancouver Vipers batting - Pitching for Mile High Broncos : RHP Hokusai Nakashima | Batting: RHB Steve Bender | 0-0: Ground out 4-3 (Groundball, 4) | Batting: RHB Marvin Workman | 0-0: Called Strike 0-1: Ball 1-1: Swinging Strike 1-2: Foul Ball, location: 2F 1-2: Ball 2-2: Ball 3-2: Foul Ball, location: 2F 3-2: SINGLE (Flyball, 89S) | Batting: RHB Salvador Medine | 0-0: Ball 1-0: SINGLE (Groundball, 56S) (infield hit) Marvin Workman to second | Batting: RHB Ryan Parrish | 0-0: Ball 1-0: Ball 2-0: Ball 3-0: Called Strike 3-1: Grounds into double play, 6-4-3 (Groundball, 6) | Top of the 3rd over - 0 runs, 2 hits, 0 errors, 1 left on base; Vancouver 4 - Mile High 1 | BOTTOM OF THE 3RD |
---|
Mile High Broncos batting - Pitching for Vancouver Vipers : RHP Diego González | Batting: RHB Enrique Bermúdez | 0-0: Ground out 6-3 (Groundball, 6) | Batting: RHB Reynaldo Slomp | 0-0: Foul Ball, location: 2F 0-1: Swinging Strike 0-2: Ball 1-2: Ball 2-2: Foul Ball, location: 2F 2-2: Foul Ball, location: 2F 2-2: Ball 3-2: Base on Balls | Batting: LHB Jim Knight | 0-0: Called Strike 0-1: Called Strike 0-2: Foul Ball, location: 2F 0-2: Fly out, F7 (Flyball, 7S) | Batting: LHB Tony Báez | 0-0: Called Strike 0-1: Foul Ball, location: 2F 0-2: Strikes out swinging | Bottom of the 3rd over - 0 runs, 0 hits, 0 errors, 1 left on base; Vancouver 4 - Mile High 1 | TOP OF THE 4TH |
---|
Vancouver Vipers batting - Pitching for Mile High Broncos : RHP Hokusai Nakashima | Batting: RHB Cooper Richard | 0-0: Foul Ball, location: 2F 0-1: Foul Ball, location: 2F 0-2: Ground out 6-3 (Groundball, 6) | Batting: RHB Clarence Harrison | 0-0: Ball 1-0: Ball 2-0: Called Strike 2-1: Foul Ball, location: 2F 2-2: Ball 3-2: Base on Balls | Batting: LHB Randy Wiggins | 0-0: Ball 1-0: Ground out U3 (Groundball, 3) Clarence Harrison to second | Batting: LHB Brian Ford | 0-0: Swinging Strike 0-1: SINGLE (Groundball, 4D) Clarence Harrison to third Runner from 3rd tries for Home, SAFE, no throw | Batting: LHB Stan Bates | 0-0: Called Strike 0-1: Called Strike 0-2: Strikes out looking | Top of the 4th over - 1 run, 1 hit, 0 errors, 1 left on base; Vancouver 5 - Mile High 1 | BOTTOM OF THE 4TH |
---|
Mile High Broncos batting - Pitching for Vancouver Vipers : RHP Diego González | Batting: RHB António Martínez | 0-0: Called Strike 0-1: Ball 1-1: Ball 2-1: Ground out 6-3 (Groundball, 6) | Batting: SHB Michael Field | 0-0: Ball 1-0: Swinging Strike 1-1: Ball 2-1: Foul Ball, location: 2F 2-2: Strikes out swinging | Batting: RHB Rodney González | 0-0: Ball 1-0: Ball 2-0: Swinging Strike 2-1: Ball 3-1: Ground out 3-1 (Groundball, 34S) | Bottom of the 4th over - 0 runs, 0 hits, 0 errors, 0 left on base; Vancouver 5 - Mile High 1 | TOP OF THE 5TH |
---|
Vancouver Vipers batting - Pitching for Mile High Broncos : RHP Hokusai Nakashima | Batting: RHB Steve Bender | 0-0: Ball 1-0: Foul Ball, location: 2F 1-1: SINGLE (Groundball, 6D) | Batting: RHB Marvin Workman | 0-0: Called Strike 0-1: Ball 1-1: Ground out 5-3 (Groundball, 56S) Steve Bender to second | Batting: RHB Salvador Medine | 0-0: Foul Ball, location: 2F 0-1: Ball 1-1: Ball 2-1: Swinging Strike 2-2: Ball 3-2: Ground out 5-3 (Groundball, 56) | Batting: RHB Ryan Parrish | 0-0: Called Strike 0-1: Swinging Strike 0-2: Ball 1-2: Ball 2-2: Strikes out swinging | Top of the 5th over - 0 runs, 1 hit, 0 errors, 1 left on base; Vancouver 5 - Mile High 1 | BOTTOM OF THE 5TH |
---|
Mile High Broncos batting - Pitching for Vancouver Vipers : RHP Diego González | Batting: RHB Edward Williams | 0-0: Swinging Strike 0-1: Called Strike 0-2: Ball 1-2: Ball 2-2: Foul Ball, location: 2F 2-2: Ball 3-2: Foul Ball, location: 2F 3-2: Strikes out swinging | Batting: RHB Luis Ramos | 0-0: Foul Ball, location: 2F 0-1: Foul Ball, location: 2F 0-2: Foul Ball, location: 2F 0-2: Ball 1-2: Strikes out swinging | Batting: RHB Enrique Bermúdez | 0-0: SINGLE (Flyball, 34D) | Batting: RHB Reynaldo Slomp | 0-0: Foul Ball, location: 2F 0-1: Swinging Strike 0-2: Ball 1-2: Ball 2-2: Ball 3-2: Ground out U3 (Groundball, 34) | Bottom of the 5th over - 0 runs, 1 hit, 0 errors, 1 left on base; Vancouver 5 - Mile High 1 | TOP OF THE 6TH |
---|
Vancouver Vipers batting - Pitching for Mile High Broncos : RHP Hokusai Nakashima | Pitching: RHP José García | | Batting: RHB Cooper Richard | 0-0: Foul Ball, location: 2F 0-1: Ball 1-1: Foul Ball, location: 2F 1-2: Strikes out swinging | Batting: RHB Clarence Harrison | 0-0: Fly out, F8 (Flyball, 89D) | Batting: LHB Randy Wiggins | 0-0: Called Strike 0-1: Fly out, F8 (Flyball, 8RD) | Top of the 6th over - 0 runs, 0 hits, 0 errors, 0 left on base; Vancouver 5 - Mile High 1 | BOTTOM OF THE 6TH |
---|
Mile High Broncos batting - Pitching for Vancouver Vipers : RHP Diego González | Batting: LHB Jim Knight | 0-0: Ball 1-0: DOUBLE (Line Drive, 78XD) | Batting: LHB Tony Báez | 0-0: DOUBLE (Flyball, 8LXD) Jim Knight scores | Pitching: RHP Larry Stewart | | Batting: RHB António Martínez | 0-0: Ball 1-0: Called Strike 1-1: Ball 2-1: Fly out, F4 (Popup, 23) | Batting: SHB Michael Field | 0-0: SINGLE (Groundball, 34D) Tony Báez to third | Batting: RHB Rodney González | 0-0: Called Strike 0-1: Ball 1-1: Grounds into double play, 4-6-3 (Groundball, 4) | Bottom of the 6th over - 1 run, 3 hits, 0 errors, 1 left on base; Vancouver 5 - Mile High 2 | TOP OF THE 7TH |
---|
Vancouver Vipers batting - Pitching for Mile High Broncos : RHP José García | Batting: LHB Brian Ford | 0-0: Ball 1-0: Ball 2-0: Ball 3-0: Called Strike 3-1: Called Strike 3-2: Base on Balls | Batting: LHB Stan Bates | 0-0: Called Strike 0-1: Ball 1-1: Called Strike 1-2: Foul Ball, location: 2F 1-2: Foul Ball, location: 2F 1-2: Ball 2-2: Grounds into double play, 6-4-3 (Groundball, 6) | Batting: RHB Steve Bender | 0-0: Ball 1-0: Foul Ball, location: 2F 1-1: Ball 2-1: Ball 3-1: SINGLE (Groundball, 6MD) | Batting: RHB Marvin Workman | 0-0: Called Strike 0-1: Fly out, F3 (Popup, 3) | Top of the 7th over - 0 runs, 1 hit, 0 errors, 1 left on base; Vancouver 5 - Mile High 2 | BOTTOM OF THE 7TH |
---|
Mile High Broncos batting - Pitching for Vancouver Vipers : RHP Larry Stewart | Batting: RHB Edward Williams | 0-0: Ground out 6-3 (Groundball, 6) | Batting: RHB Luis Ramos | 0-0: Ball 1-0: Swinging Strike 1-1: Ball 2-1: Ball 3-1: Swinging Strike 3-2: Foul Ball, location: 2F 3-2: Strikes out looking | Batting: RHB Enrique Bermúdez | 0-0: Called Strike 0-1: DOUBLE (Groundball, 5L) | Batting: RHB Reynaldo Slomp | 0-0: Ball 1-0: Called Strike 1-1: SINGLE (Groundball, 4MD) Enrique Bermúdez to third | Batting: LHB Jim Knight | 0-0: Ball 1-0: Ball 2-0: Called Strike 2-1: Ground out 1-3 (Groundball, 15S) | Bottom of the 7th over - 0 runs, 2 hits, 0 errors, 2 left on base; Vancouver 5 - Mile High 2 | TOP OF THE 8TH |
---|
Vancouver Vipers batting - Pitching for Mile High Broncos : RHP José García | Batting: RHB Salvador Medine | 0-0: Foul Ball, location: 2F 0-1: Swinging Strike 0-2: Strikes out swinging | Batting: RHB Ryan Parrish | 0-0: Ball 1-0: DOUBLE (Groundball, 5L) | Batting: RHB Cooper Richard | 0-0: Ground out 1-3 (Groundball, 13) Ryan Parrish to third | Batting: RHB Clarence Harrison | 0-0: TRIPLE (Line Drive, 9D) Ryan Parrish scores | Batting: LHB Randy Wiggins | 0-0: Ball 1-0: Swinging Strike 1-1: Swinging Strike 1-2: Ball 2-2: Ground out U3 (Groundball, 3S) | Top of the 8th over - 1 run, 2 hits, 0 errors, 1 left on base; Vancouver 6 - Mile High 2 | BOTTOM OF THE 8TH |
---|
Mile High Broncos batting - Pitching for Vancouver Vipers : RHP Larry Stewart | Batting: LHB Tony Báez | 0-0: Called Strike 0-1: Ball 1-1: Called Strike 1-2: Foul Ball, location: 2F 1-2: Fly out, F9 (Line Drive, 9D) | Batting: RHB António Martínez | 0-0: Ball 1-0: Called Strike 1-1: Ball 2-1: Foul Ball, location: 2F 2-2: Fly out, F5 (Popup, 56) | Batting: SHB Michael Field | 0-0: Ball 1-0: Ball 2-0: Ball 3-0: Called Strike 3-1: Ground out 6-3 (Groundball, 6) | Bottom of the 8th over - 0 runs, 0 hits, 0 errors, 0 left on base; Vancouver 6 - Mile High 2 | TOP OF THE 9TH |
---|
Vancouver Vipers batting - Pitching for Mile High Broncos : RHP José García | Batting: LHB Brian Ford | 0-0: Ball 1-0: Swinging Strike 1-1: Ball 2-1: Ground out U3 (Groundball, 34) | Batting: LHB Stan Bates | 0-0: Foul Ball, location: 2F 0-1: Foul Ball, location: 2F 0-2: SINGLE (Flyball, 78S) | Batting: RHB Steve Bender | 0-0: Called Strike 0-1: Ball 1-1: Foul Ball, location: 2F 1-2: Grounds into double play, 4-6-3 (Groundball, 4) | Top of the 9th over - 0 runs, 1 hit, 0 errors, 0 left on base; Vancouver 6 - Mile High 2 | BOTTOM OF THE 9TH |
---|
Mile High Broncos batting - Pitching for Vancouver Vipers : RHP Larry Stewart | Batting: RHB Rodney González | 0-0: Ball 1-0: Ball 2-0: Foul Ball, location: 2F 2-1: Foul Ball, location: 2F 2-2: Foul Ball, location: 2F 2-2: Strikes out looking | Batting: RHB Edward Williams | 0-0: Ball 1-0: Fly out, F8 (Flyball, 8RS) | Batting: RHB Luis Ramos | 0-0: Foul Ball, location: 2F 0-1: Ball 1-1: Ground out U3 (Groundball, 34S) | Bottom of the 9th over - 0 runs, 0 hits, 0 errors, 0 left on base; Vancouver 6 - Mile High 2 | |